 Dungeon Crawl Stone Soup version 0.20.1-1-g8b1a95d (webtiles) character file.

343 polve the Changer (level 6, -7/47 HPs)
             Began as a Draconian Transmuter on Aug 6, 2017.
             Mangled by an ogre
             ... wielding a +0 giant club
              (19 damage)
             ... on level 4 of the Dungeon.
             The game lasted 00:07:28 (4398 turns).

polve the Changer (Draconian Transmuter)            Turns: 4398, Time: 00:07:29

Health: -7/47      AC:  2    Str: 12    XL:     6   Next: 31%
Magic:  6/9        EV: 19    Int: 16    God:
Gold:   129        SH:  0    Dex: 16    Spells: 3/9 levels left

rFire    . . .     SeeInvis .     - Unarmed
rCold    . . .     Gourm    .   (shield currently unavailable)
rNeg     . . .     Faith    .   (armour unavailable)
rPois    x         Spirit   .   (helmet currently unavailable)
rElec    .         Reflect  .   (cloak currently unavailable)
rCorr    .         Harm     .   (gloves currently unavailable)
MR       .....                  (boots currently unavailable)
Stlth    +.........             (no amulet)
Regen    0.2/turn               d - ring of flight
MPRegen  0.2/turn               (no ring)

@: spider-form
A: unfitting armour, AC +6
a: End Transformation, Evoke Flight


You were on level 4 of the Dungeon.
You were hungry.
You were a venomous arachnid creature.
You visited 1 branch of the dungeon, and saw 4 of its levels.

You collected 129 gold pieces.

Inventory:

Missiles
 a - 44 arrows (quivered)
Armour
 h - a +0 cloak
Jewellery
 d - a ring of flight (left front leg)
 m - a +3 ring of strength {unknown}
Scrolls
 f - 3 scrolls of identify {unknown}
 g - 3 scrolls of teleportation {unknown}
 j - a scroll of random uselessness {unknown}
 l - a scroll of magic mapping {unknown}
 o - a scroll of recharging {unknown}
 p - a scroll of enchant weapon {unknown}
 r - a scroll of fog {unknown}
 s - a scroll of fear {unknown}
 t - a scroll of immolation {unknown}
Potions
 e - a potion of cancellation {unknown}
 i - 2 potions of curing
 k - a potion of haste {unknown}
 n - a potion of degeneration {unknown}
 q - a potion of mutation {unknown}
 v - 2 potions of flight {unknown}
Books
 b - a book of Changes

   Spells                             Type                      Level
   a - Beastly Appendage              Transmutation                1
   b - Sticks to Snakes               Transmutation                2
   c - Spider Form                    Transmutation/Poison         3
   d - Ice Form                       Ice/Transmutation            4
   e - Blade Hands                    Transmutation                5
Comestibles
 c - 5 bread rations
 u - a chunk of flesh


   Skills:
 - Level 1.1 Fighting
 - Level 1.7 Dodging
 - Level 3.0 Unarmed Combat
 - Level 2.0 Spellcasting
 + Level 6.2 Transmutations
 - Level 2.2 Poison Magic


You had 3 spell levels left.
You knew the following spells:

 Your Spells              Type           Power        Failure   Level  Hunger
a - Beastly Appendage     Tmut           ###...       7%          1    #......
b - Sticks to Snakes      Tmut           ###.....     9%          2    ###....
c - Spider Form           Tmut/Pois      ###.......   26%         3    ###....


Dungeon Overview and Level Annotations

Branches:
Dungeon (4/15)
 Temple: D:4-7

Altars:
Xom


Innate Abilities, Weirdness & Mutations

((Your plain brown scales are hard. (AC +6)))
You cannot fit into any form of body armour.
((You are cold-blooded and may be slowed by cold attacks.))


Message History

You start resting.
Your transformation is almost over.
You feel sick.
You start resting.
You feel sick.
Your transformation has ended.
You feel sick.
You start resting.
You feel sick.
You start resting.
You feel sick. x6
Magic restored.
You start resting.
You feel sick. x6
You are no longer poisoned.
You start resting.
An ogre comes into view. It is wielding a giant club.
An ogre is nearby!
Casting: Spider Form
Confirm with . or Enter, or press ? or * to list all spells.
You turn into a venomous arachnid creature.
You are feeling hungry.
The ogre hits you with a giant club!!
You die...

..........#
..........##
..........##
...........##
........#...#
.......##...##
.....##
##...## ....#
##...## #.##
##s..##
#.O...##
####...##
##...##
##...##
##....###
#........#
#..%.......
#.......#...


You could see an ogre.

Vanquished Creatures
  A hound (D:4)
  2 orc wizards (D:3)
  Ijyb (D:3)
  2 worker ants (D:4)
  3 gnolls (D:3)
  5 adders
  3 worms
  2 dart slugs
  4 leopard geckos
  9 orcs (D:3)
  3 giant cockroaches
  12 goblins
  12 hobgoblins
  3 quokkas
  2 ball pythons
  9 bats
  5 frilled lizards
  6 kobolds
  10 rats
94 creatures vanquished.

Notes
Turn   | Place    | Note
-------+----------+-------------------------------------------
     0 | D:1      | polve the Draconian Transmuter began the quest for the Orb.
     0 | D:1      | Reached XP level 1. HP: 16/16 MP: 3/3
   336 | D:1      | Reached XP level 2. HP: 23/23 MP: 3/5
   380 | D:1      | Learned a level 2 spell: Sticks to Snakes
   451 | D:1      | Reached skill level 3 in Transmutations
   528 | D:1      | Found a shimmering altar of Xom.
  1002 | D:1      | Reached XP level 3. HP: 28/28 MP: 4/6
  1128 | D:2      | Learned a level 3 spell: Spider Form
  1543 | D:2      | Reached skill level 1 in Poison Magic
  1743 | D:2      | Reached skill level 4 in Transmutations
  1876 | D:2      | Reached XP level 4. HP: 34/35 MP: 3/7
  2574 | D:3      | Noticed Ijyb
  2636 | D:3      | Killed Ijyb
  2794 | D:3      | Reached XP level 5. HP: 19/40 MP: 4/8
  3056 | D:3      | Reached skill level 5 in Transmutations
  3968 | D:4      | Reached XP level 6. HP: 15/47 MP: 6/9
  4287 | D:4      | Reached skill level 6 in Transmutations
  4335 | D:4      | HP: 2/47 [poisoned by a worker ant]
  4398 | D:4      | Mangled by an ogre

Skill      XL: |  1  2  3  4  5  6 |
---------------+-------------------+-----
Transmutations | 3 4 5 6 |  6.2
Poison Magic   | 1 2 |  2.2
Fighting       | |  1.1
Dodging        | |  1.7
Unarmed Combat | |  3.0
Spellcasting   | |  2.0

Action                   |  1- 3 |  4- 6 || total
-------------------------+-------+-------++-------
Melee: Unarmed           |   134 |   247 ||   381
       Kick              |     6 |    17 ||    23
       Tailslap          |     4 |    19 ||    23
       Headbutt          |     3 |     8 ||    11
       Punch             |     1 |     2 ||     3
 Cast: Beastly Appendage |    29 |    23 ||    52
       Spider Form       |     2 |     4 ||     6
 Abil: End Transformatio |       |     1 ||     1
  Use: Potion            |       |     1 ||     1
  Eat: Chunk             |     4 |     9 ||    13
Armor: Skin              |    33 |    55 ||    88
Dodge: Dodged            |    75 |   175 ||   250
